 Dungeon Sprint DCSS version 0.30.1-4-g462c640d31 (webtiles) character file.

Game seed: 7997292351769181265

1211 Heoruswealwe the Grappler (level 8, -2/87 HPs)
             Began as a Troll Berserker on Sept 8, 2023.
             Was an Elder of Trog.
             Slain by a centaur warrior (12 damage)
             ... in the Dungeon (Sprint I: "Red Sonja").
             The game lasted 00:04:16 (211 turns).

Heoruswealwe the Grappler (Troll Berserker)          Turns: 211, Time: 00:04:17

Health: -2/87      AC:  4    Str: 28    XL:     8   Next: 22%
Magic:  12/12      EV: 11    Int:  3    God:    Trog [****..]
Gold:   459        SH:  0    Dex:  9    Spells: 7/7 levels left

rFire   . .          .
                       - Unarmed
rCold   . . .        (no shield)
rNeg    . . .        a - +0 animal skin
rPois   .            (helmet restricted)
rElec   .            (no cloak)
rCorr   .            (gloves unavailable)
SInv    .            (boots unavailable)
Will    .....        (no amulet)
Stlth   +            (no ring)
HPRegen 1.14/turn    (no ring)
MPRegen 0.13/turn

%: no teleportation
@: hasted, very quick
A: large, unfitting armour, claws 3, regeneration 1, shaggy fur 1, tough skin 1
a: Renounce Religion, Berserk, Trog's Hand, Brothers in Arms


You were in the Dungeon.
You worshipped Trog.
Trog was greatly pleased with you.
You visited 1 branch You collected 459 gold pieces.

Inventory:

Armour
 a - a +0 animal skin (worn)
Wands
 h - a wand of digging (7)
Scrolls
 g - a scroll of blinking
Potions
 b - a potion of curing
 e - a potion of flight {unknown}
 f - a potion of berserk rage


   Skills:
 + Level 7.3 Fighting
 + Level 7.3 Dodging
 * Level 11.9 Unarmed Combat
 + Level 7.4 Invocations


You had 7 spell levels left.
You didn't know any spells.
Your spell library was empty.

Dungeon Overview and Level Annotations

Branches:
Dungeon (1/1)

Altars:
Cheibriados
Dithmenos
Elyvilon
Fedhas
Gozag
Hepliaklqana
Kikubaaqudgha
Makhleb
Nemelex Xobeh
Okawaru
Qazlal
Ru
Sif Muna
Trog
Uskayaw
Vehumet
Wu Jian
Xom
Yredelemnul
Zin
The Shining One
Jiyva
Lugonu

Shops:
D =


Innate Abilities, Weirdness & Mutations

You are too large for most types of armour.
You have claws for hands.
Your natural rate of healing is unusually fast.
You are covered in fur. (AC +1)
You have tough skin. (AC +1)


Message History

The centaur warrior kicks you. The centaur warrior hits you!
The centaur warrior kicks you. The centaur warrior hits you.
The centaur warrior kicks you.
You claw the centaur warrior!
The centaur warrior is lightly wounded.
The centaur warrior hits you! The centaur warrior kicks you.
The centaur warrior hits you! The centaur warrior kicks you.
* * * LOW HITPOINT WARNING * * *
You scratch the centaur warrior.
The centaur warrior is moderately wounded.
The centaur warrior hits you.
* * * LOW HITPOINT WARNING * * *
The centaur warrior misses you. The centaur warrior hits you.
* * * LOW HITPOINT WARNING * * *
The centaur warrior kicks you.
* * * LOW HITPOINT WARNING * * *
You feel much better. The centaur warrior hits you.
The centaur warrior kicks you but does no damage.
The centaur warrior hits you. The centaur warrior kicks you.
You mangle the centaur warrior!!
The centaur warrior is heavily wounded.
The centaur warrior hits you.
The centaur warrior kicks you but does no damage.
The centaur warrior hits you. The centaur warrior barely misses you.
The centaur warrior hits you!
* * * LOW HITPOINT WARNING * * *
The centaur warrior barely misses you.
You closely miss the centaur warrior.
The centaur warrior is heavily wounded.
The centaur warrior hits you.
* * * LOW HITPOINT WARNING * * *
The centaur warrior kicks you but does no damage.
The centaur warrior barely misses you. The centaur warrior kicks you.
* * * LOW HITPOINT WARNING * * *
The centaur warrior hits you.
* * * LOW HITPOINT WARNING * * *
The centaur warrior kicks you.
* * * LOW HITPOINT WARNING * * *
You feel yourself speed up. The centaur warrior hits you!
You die...

#######################
#..)..#.)'..#__#..')..#
!..#..'..#..'..'..#)..#
#####'#####'#__####...+
####..#...#.####§§#####
#__####..##§#§§§§§#
#_____##'#_.'§§cc.+
#_.∩...'..._#~§§@.#
#_..__##_.#'##+####
#_____###+#:# #######
###


You could see 2 centaur warriors.

Vanquished Creatures
  2 kobold demonologists (D)
  Sigmund (D)
  A slime creature (D)
  A yak (D)
  A floating eye (D)
  An ogre (D)
  A jelly (D)
  Ijyb (D)
9 creatures vanquished.

Notes
Turn   | Place    | Note
-------+----------+-------------------------------------------
     0 | D        | Heoruswealwe the Troll Berserker began the quest for the
                  | Orb.
     0 | D        | Reached XP level 1. HP: 22/22 MP: 0/0
     1 | D        | Noticed Ijyb
     8 | D        | Killed Ijyb
     9 | D        | Reached skill level 4 in Unarmed Combat
     9 | D        | Reached XP level 2. HP: 25/31 MP: 0/2
    33 | D        | Noticed an ogre
    36 | D        | Killed an ogre
    37 | D        | Reached skill level 6 in Unarmed Combat
    37 | D        | Reached XP level 3. HP: 39/39 MP: 2/4
    37 | D        | Reached XP level 4. HP: 48/48 MP: 2/5
    46 | D        | Noticed Sigmund
    52 | D        | Killed Sigmund
    52 | D        | Reached ** piety under Trog
    53 | D        | Reached skill level 5 in Fighting
    53 | D        | Reached skill level 5 in Dodging
    53 | D        | Reached skill level 8 in Unarmed Combat
    53 | D        | Reached XP level 5. HP: 51/57 MP: 3/7
    53 | D        | Reached XP level 6. HP: 59/66 MP: 3/8
    64 | D        | Found an ornate altar of the Wu Jian Council.
    64 | D        | Found a shimmering blue altar of Sif Muna.
    66 | D        | Found a radiant altar of Vehumet.
    70 | D        | Reached skill level 5 in Invocations
    93 | D        | Found Soehu's Jewellery Emporium.
    93 | D        | Found an ancient bone altar of Kikubaaqudgha.
    93 | D        | Found a hazy altar of Hepliaklqana.
    93 | D        | Found a stormy altar of Qazlal.
    93 | D        | Found a hide-covered altar of Uskayaw.
    93 | D        | Found a blossoming altar of Fedhas.
    93 | D        | Found a bloodstained altar of Trog.
    93 | D        | Found an iron altar of Okawaru.
    93 | D        | Found a basalt altar of Yredelemnul.
    93 | D        | Found a glowing golden altar of the Shining One.
    93 | D        | Found a snail-covered altar of Cheibriados.
    93 | D        | Found a sacrificial altar of Ru.
    93 | D        | Found a glowing silver altar of Zin.
    93 | D        | Found a shadowy altar of Dithmenos.
    93 | D        | Found a white marble altar of Elyvilon.
    93 | D        | Noticed a yak
   101 | D        | Killed a yak
   102 | D        | Reached skill level 9 in Unarmed Combat
   102 | D        | Found an opulent altar of Gozag.
   103 | D        | Found a sparkling altar of Nemelex Xobeh.
   142 | D        | Found a burning altar of Makhleb.
   142 | D        | Found a viscous altar of Jiyva.
   142 | D        | Found a shimmering altar of Xom.
   142 | D        | Found a corrupted altar of Lugonu.
   142 | D        | Noticed a slime creature
   147 | D        | Killed a slime creature
   147 | D        | Reached *** piety under Trog
   148 | D        | Reached skill level 10 in Unarmed Combat
   148 | D        | Reached XP level 7. HP: 55/76 MP: 10/10
   167 | D        | Noticed a kobold demonologist
   167 | D        | Noticed a kobold demonologist
   168 | D        | Paralysed by a floating eye for 3 turns
   180 | D        | Killed a kobold demonologist
   181 | D        | Reached skill level 11 in Unarmed Combat
   182 | D        | Noticed a hellwing
   185 | D        | Killed a kobold demonologist
   185 | D        | Reached **** piety under Trog
   186 | D        | Reached XP level 8. HP: 78/87 MP: 10/12
   199 | D        | Noticed a centaur warrior
   201 | D        | Noticed a centaur warrior
   211 | D        | Slain by a centaur warrior

Illustrated notes

Levels and vault maps discovered:
D:        dungeon_sprint_1 [red_sonja_temple_1, red_sonja_temple_small_1]

Skill      XL: |  1  2  3  4  5  6  7 |
---------------+----------------------+-----
Fighting       | 3 4 5 6 7 |  7.3
Dodging        | 3 4 5 6 7 |  7.3
Unarmed Combat | 4 6 8 10 11 | 11.9
Invocations    | 2 3 4 6 7 |  7.4

Action                     |  1- 3 |  4- 6 |  7- 9 || total
---------------------------+-------+-------+-------++-------
  Melee: Unarmed           |     8 |    18 |    20 ||    46
         Punch             |       |     1 |     1 ||     2
  Evoke: Wand              |     1 |       |       ||     1
    Use: Potion            |       |       |     2 ||     2
 Armour: Animal skin       |     1 |     1 |     9 ||    11
  Dodge: Dodged            |     1 |     3 |    10 ||    14
